 Dungeon Sprint DCSS version 0.30-a0-121-gb27577e5d9 (webtiles) character file.

Game seed: 12386686750364146287

3556 rocky1 the Basher (level 10, -17/123 HPs)
             Began as an Ogre Gladiator on Sept 15, 2022.
             Was an Initiate of Gozag.
             Demolished by Arachne
             ... wielding a staff of poison
              (29 damage)
             ... in the Dungeon (Sprint VII: "The Pits").
             The game lasted 00:07:16 (2453 turns).

rocky1 the Basher (Ogre Gladiator)                  Turns: 2453, Time: 00:07:16

Health: -17/123    AC: 11    Str: 24    XL:     10   Next: 9%
Magic:  10/10      EV: 13    Int:  9    God:    Gozag
Gold:   1546       SH:  0    Dex: 10    Spells: 9/9 levels left

rFire   . . .      SeeInvis .    t - +2 morningstar (protect)
rCold   . . .      Faith    .    (no shield)
rNeg    . . .      Spirit   .    b - +0 robe
rPois   .          Reflect  .    c - +0 hat
rElec   .          Harm     .    u - +0 cloak
rCorr   .          Rampage  .    (gloves unavailable)
Will    +....      NoTele   +    (boots unavailable)
Stlth   +.........               (no amulet)
HPRegen 0.30/turn                (no ring)
MPRegen 0.12/turn                (no ring)

@: lethally poisoned (-17 -> -19), gold aura, under a protective aura
A: large, unfitting armour, tough skin 1
a: Renounce Religion, Potion Petition, Call Merchant, Bribe Branch


You were in the Dungeon.
You worshipped Gozag.
Gozag was most pleased with you.
You visited 1 branch You collected 3087 gold pieces.
You paid 1541 gold pieces to Gozag.

Inventory:

Hand Weapons
 a - a +0 flail
 o - a +0 vorpal mace
 t - a +2 morningstar of protection (weapon)
Missiles
 d - a throwing net (quivered)
 e - a large rock
 k - 13 poisoned darts
Armour
 b - a +0 robe (worn)
 c - a +0 hat (worn)
 u - a +0 cloak (worn)
Jewellery
 p - a +3 ring of strength
 q - a +3 ring of dexterity
Scrolls
 m - 5 scrolls of amnesia
 n - a scroll of summoning
Potions
 f - 5 potions of curing
 g - 7 potions of heal wounds
 h - 2 potions of haste
 i - 4 potions of magic
 j - 3 potions of berserk rage
 l - a potion of invisibility
 r - a potion of brilliance
 s - 2 potions of mutation


   Skills:
 + Level 14.4 Fighting
 * Level 14.5 Maces & Flails
 - Level 2.0 Throwing
 + Level 5.5 Armour
 + Level 10.6 Dodging


You had 9 spell levels left.
You didn't know any spells.
Your spell library was empty.

Dungeon Overview and Level Annotations

Branches:
Dungeon (1/1)

Altars:
Ashenzari
Cheibriados
Dithmenos
Elyvilon
Fedhas
Gozag
Hepliaklqana
Kikubaaqudgha
Makhleb
Nemelex Xobeh
Okawaru
Qazlal
Ru
Sif Muna
Trog
Uskayaw
Vehumet
Wu Jian
Xom
Yredelemnul
Zin
The Shining One
Jiyva
Lugonu

Shops:
D [(

Annotations:
D Arachne


Innate Abilities, Weirdness & Mutations

You are too large for most types of armour.
You have tough skin. (AC +1)


Message History

The acid dragon claws you but does no damage.
The adder skeleton barely misses you.
You barely miss the acid dragon.
The acid dragon is heavily wounded.
The acid dragon bites you! The acid dragon claws you.
The adder skeleton bites you but does no damage.
You hit the acid dragon.
The acid dragon is severely wounded.
You impale the acid dragon!!
You kill the acid dragon!
The adder skeleton bites you.
You feel your intelligence returning.
You closely miss the adder skeleton.
The adder skeleton bites you but does no damage.
The centaur wields a +0 shortbow.
The centaur shoots an arrow.
The arrow hits you.
You puncture the adder skeleton!
The adder skeleton is almost destroyed.
The adder skeleton barely misses you.
The centaur shoots an arrow.
The arrow hits you!
Arachne the Weaver comes into view.
She is wielding a staff of poison.
You sock the adder skeleton!
You destroy the adder skeleton!
Arachne drinks a potion.
Arachne seems to speed up.
A centaur and a rat come into view.
The centaur shouts!
You hear an angry hiss.
Arachne hits you with a staff of poison!!
Arachne envenoms you!!
* * * LOW HITPOINT WARNING * * *
You are poisoned.
The centaur unwields a +0 shortbow.
The centaur hits you but does no damage.
The centaur kicks you but does no damage.
The centaur wields a +0 shortbow.
The centaur shoots an arrow.
The arrow misses you.
Arachne hits you with a staff of poison.
* * * LOW HITPOINT WARNING * * *
Arachne envenoms you!!
You die...
Your body crumbles into a pile of gold.

.....##..####.....##.##
.....##...##......#...#.#
#######...).).....'...'.'
#######..)##).....#...#
#...[##..####.....##.##
#..[[##..# ##...##...##
'..))##..##c ##$##.....#
#..))##..# #..#'#c.r....
#...)##..# #...@H.#
########## ########


You could see Arachne (fast), 2 centaurs and a rat.

Vanquished Creatures
  A lindwurm (D)
  An elephant (D)
  A komodo dragon (D)
  2 kobold demonologists (D)
  A hornet (D)
  A spriggan (D)
  A shadow (D)
  A fire bat (D)
  A redback (D)
  A basilisk (D)
  A neqoxec (D)
  An acid dragon (D)
  A water moccasin (D)
  A floating eye (D)
  A black bear (D)
  A wolf (D)
  A centaur (D)
  3 kobold brigands (D)
  A jelly (D)
  An iron imp (D)
  A hell rat (D)
  3 orc wizards (D)
  An adder (D)
  An adder skeleton (D)
  5 orcs (D)
  An endoplasm (D)
  2 giant cockroaches (D)
  4 goblins (D)
  7 jackals (D)
  A frilled lizard (D)
  2 kobolds (D)
  A quokka skeleton (D)
  2 rats (D)
54 creatures vanquished.

Vanquished Creatures (others)
  An orc wizard (D)
1 creature vanquished.

Grand Total: 55 creatures vanquished

Notes
Turn   | Place    | Note
-------+----------+-------------------------------------------
     0 | D        | rocky1 the Ogre Gladiator began the quest for the Orb.
     0 | D        | Reached XP level 1. HP: 22/22 MP: 1/1
    18 | D        | Found a bloodstained altar of Trog.
    18 | D        | Found a shimmering blue altar of Sif Muna.
    18 | D        | Found a viscous altar of Jiyva.
    18 | D        | Found a hazy altar of Hepliaklqana.
    18 | D        | Found an opulent altar of Gozag.
    19 | D        | Found a glowing golden altar of the Shining One.
    19 | D        | Found a glowing silver altar of Zin.
    19 | D        | Found a basalt altar of Yredelemnul.
    19 | D        | Found a shimmering altar of Xom.
    19 | D        | Found an ornate altar of the Wu Jian Council.
    19 | D        | Found a sacrificial altar of Ru.
    19 | D        | Found a stormy altar of Qazlal.
    19 | D        | Found an iron altar of Okawaru.
    19 | D        | Found a sparkling altar of Nemelex Xobeh.
    19 | D        | Found a burning altar of Makhleb.
    19 | D        | Found a blossoming altar of Fedhas.
    19 | D        | Found a white marble altar of Elyvilon.
    19 | D        | Found a shadowy altar of Dithmenos.
    19 | D        | Found a snail-covered altar of Cheibriados.
    23 | D        | Found a corrupted altar of Lugonu.
    23 | D        | Found a radiant altar of Vehumet.
    24 | D        | Found a broken altar of Ashenzari.
    24 | D        | Found an ancient bone altar of Kikubaaqudgha.
    24 | D        | Found a hide-covered altar of Uskayaw.
    26 | D        | Became a worshipper of Gozag Ym Sagoz the Greedy
   158 | D        | Noticed a floating eye
   160 | D        | Paralysed by a floating eye for 3 turns
   164 | D        | Killed a floating eye
   165 | D        | Reached XP level 2. HP: 31/37 MP: 2/2
   165 | D        | Reached XP level 3. HP: 38/45 MP: 3/3
   165 | D        | Reached XP level 4. HP: 45/53 MP: 4/4
   225 | D        | Reached skill level 5 in Dodging
   247 | D        | Reached XP level 5. HP: 47/61 MP: 5/5
   329 | D        | Noticed a black bear
   330 | D        | Noticed a water moccasin
   340 | D        | Killed a black bear
   389 | D        | Killed a water moccasin
   390 | D        | Reached XP level 6. HP: 5/75 MP: 6/6
   619 | D        | Noticed a basilisk
   646 | D        | Killed a basilisk
   647 | D        | Reached skill level 10 in Fighting
   647 | D        | Reached skill level 10 in Maces & Flails
   647 | D        | Reached XP level 7. HP: 65/85 MP: 7/7
   808 | D        | Noticed a lindwurm
   835 | D        | Killed a lindwurm
   836 | D        | Reached XP level 8. HP: 18/98 MP: 8/8
  1312 | D        | Noticed a kobold demonologist
  1336 | D        | Killed a kobold demonologist
  1503 | D        | Noticed an elephant
  1512 | D        | Noticed a shadow
  1520 | D        | Reached XP level 9. HP: 10/109 MP: 9/9
  1859 | D        | Killed an elephant
  1904 | D        | Noticed a spriggan rider
  1904 | D        | Noticed a kobold demonologist
  1933 | D        | Reached skill level 10 in Dodging
  1934 | D        | Killed a hornet
  2124 | D        | Killed a kobold demonologist
  2125 | D        | Reached skill level 5 in Armour
  2336 | D        | Noticed a komodo dragon
  2350 | D        | Killed a komodo dragon
  2351 | D        | Reached XP level 10. HP: 77/123 MP: 10/10
  2451 | D        | Noticed Arachne
  2453 | D        | Demolished by Arachne

Illustrated notes

Levels and vault maps discovered:
D:        pitsprint [storerooms_1, entrance_room_1, metal_vault_3, armoury_2,
          mini_pit_1, grid_room_1, main_hall_1, silver_pit, the_coven_3,
          the_vestibule_1, steel_vault_5, golden_pit, hallway_of_sentries,
          crystal_vault_3, iron_vault_5, final_vault]

Skill      XL: |  1  2  3  4  5  6  7  8  9 |
---------------+----------------------------+-----
Fighting       | 6 9 10 11 12 14 | 14.4
Maces & Flails | 6 9 10 11 12 14 | 14.5
Dodging        | 4 5 6 7 8 9 10 | 10.6
Armour         | 3 5 |  5.5
Throwing       | |  2.0

Action                   |  1- 3 |  4- 6 |  7- 9 | 10-12 || total
-------------------------+-------+-------+-------+-------++-------
Melee: Flail             |    16 |    25 |       |       ||    41
       Mace              |       |    67 |    36 |       ||   103
       Punch             |       |       |     3 |       ||     3
       Morningstar       |       |       |    91 |     8 ||    99
Throw: Throwing net      |       |     5 |     1 |       ||     6
Invok: Call Merchant     |       |       |     2 |       ||     2
  Use: Potion            |       |     2 |     6 |       ||     8
       Scroll            |       |       |     1 |       ||     1
 Stab: Distracted        |       |     1 |       |       ||     1
       Held in net/web   |       |     2 |       |       ||     2
Armor: Robe              |     1 |    27 |    48 |     5 ||    81
Dodge: Dodged            |     6 |    36 |    93 |     6 ||   141

Table legend: (Time is in decaauts)
 A = Elapsed time spent in this place.
 B = Non-inter-level travel time spent in this place.
 C = Inter-level travel time spent in this place.
 D = Time resting spent in this place.
 E = Time spent auto-exploring this place.
 F = Levels seen in this place.
 G = Mean time per level.
                   A        B        C        D        E       F      G
               +--------+--------+--------+--------+--------+-----+--------+
         Total |   2437 |   2379 |     58 |   1625 |      0 |   1 | 2437.0 |
       Dungeon |   2437 |   2379 |     58 |   1625 |      0 |   1 | 2437.0 |
               +--------+--------+--------+--------+--------+-----+--------+

Top non-repeatable levels by time:
       D: 2437 daAuts
